 Dungeon Crawl Stone Soup version 0.30.1-3-gfc49f6343a (webtiles) character file.

Game seed: 6896846237003851764

46 shmup the Firebug (level 3, -2/19 HPs)
             Began as a Tengu Fire Elementalist on July 19, 2023.
             Slain by a gnoll
             ... wielding a +0 spear
              (7 damage)
             ... on level 3 of the Dungeon.
             The game lasted 00:03:37 (1806 turns).

shmup the Firebug (Tengu Fire Elementalist)         Turns: 1806, Time: 00:03:38

Health: -2/19      AC:  3    Str:  8    XL:     3   Next: 66%
Magic:  1/7        EV:  6    Int: 17    God:
Gold:   162        SH:  0    Dex: 14    Spells: 3/6 levels left

rFire   . . .        b - +2 dagger (flame)
rCold   . . .        (no shield)
rNeg    . . .        q - +0 robe
rPois   .            (helmet restricted)
rElec   .            (no cloak)
rCorr   .            t - +0 pair of gloves
SInv    .            (boots unavailable)
Will    .....        (no amulet)
Stlth   ++           (no ring)
HPRegen 0.23/turn    (no ring)
MPRegen 0.10/turn

%: no passive effects
@: held
A: beak, talons 3
a: no special abilities


You were on level 3 of the Dungeon.
You visited 1 branch of the dungeon, and saw 3 of its levels.

You collected 162 gold pieces.

Inventory:

Hand Weapons
 a - a +0 falchion of protection
 b - a +2 dagger of flaming (weapon)
 d - a +0 falchion
 i - a +0 short sword
Missiles
 c - 11 poisoned darts (quivered)
 h - a stone
 j - 3 javelins
Armour
 q - a +0 robe (worn)
 t - a +0 pair of gloves (worn)
Jewellery
 x - a ring of ice
Scrolls
 e - 2 scrolls of poison {unknown}
 f - a scroll of fog {unknown}
 g - 6 scrolls of identify {unknown}
 k - a scroll of immolation {unknown}
 l - a scroll of blinking {unknown}
 s - a scroll of acquirement {unknown}
 u - a scroll of silence {unknown}
 w - a scroll of enchant weapon {unknown}
 y - 3 scrolls of teleportation {unknown}
Potions
 m - a potion of lignification {unknown}
 n - a potion of degeneration {unknown}
 o - a potion of resistance
 p - a potion of flight {unknown}
 r - a potion of curing {unknown}
 v - 3 potions of magic


   Skills:
 - Level 2.1 Dodging
 - Level 2.0 Stealth
 - Level 2.0 Spellcasting
 + Level 2.7 Conjurations
 * Level 4.5 Fire Magic


You had 3 spell levels left.
You knew the following spells:

 Your Spells              Type           Power      Damage    Failure   Level
a - Foxfire               Conj/Fire      56%        2x1d6     4%          1
b - Scorch                Fire           34%        2d6       4%          2

Your spell library contained the following spells:

 Spells                   Type           Power      Damage    Failure   Level
 Momentum Strike          Conj/Tloc      12%        3d8       17%         2
 Inner Flame              Hex/Fire       9%         N/A       22%         3
 Volatile Blastmotes      Fire/Tloc      18%        2d11      22%         3
 Blink                    Tloc           2%         N/A       28%         2
 Lesser Beckoning         Tloc           2%         N/A       28%         2
 Flame Wave               Conj/Fire      14%        2d6       41%         4


Dungeon Overview and Level Annotations

Branches:
Dungeon (3/15)

Altars:
Yredelemnul


Innate Abilities, Weirdness & Mutations

You have a beak for a mouth.
You have claws for feet.


Message History

A gnoll is nearby!
Casting: Foxfire (safe; 4% risk of failure)
Confirm with . or Enter, or press ? or * to list all spells.
You conjure some foxfire!
The gnoll shouts!
You hear a shout!
The foxfire hits the gnoll but does no damage.
The gnoll throws a throwing net.
The throwing net hits you.
You become entangled in the net!
Casting: Foxfire (safe; 4% risk of failure)
Confirm with . or Enter, or press ? or * to list all spells.
Okay, then.
Casting: Foxfire (safe; 4% risk of failure)
Confirm with . or Enter, or press ? or * to list all spells.
You can't see any susceptible monsters within range! (Use Z to cast anyway.)
You struggle against the net.
A gnoll comes into view. It is wielding a +0 spear.
Casting: Foxfire (safe; 4% risk of failure)
Confirm with . or Enter, or press ? or * to list all spells.
Flames lash the gnoll.
The gnoll is almost dead.
The gnoll's fire resistance burns away.
Your foxfire dissipates!
A gnoll comes into view. It is wielding a +0 club.
An orc comes into view. It is wielding a +0 flail.
Casting: Scorch (safe; 4% risk of failure)
Confirm with . or Enter, or press ? or * to list all spells.
You conjure some foxfire!
The gnoll shouts!
The gnoll hits you from afar with a +0 spear!
The foxfire hits the gnoll but does no damage.
The gnoll is almost dead.
The gnoll hits you from afar with a +0 spear!
* * * LOW HITPOINT WARNING * * *
Casting: Foxfire (safe; 4% risk of failure)
Confirm with . or Enter, or press ? or * to list all spells.
Flames lash the orc.
The orc is moderately wounded.
The orc's fire resistance burns away.
The gnoll hits you from afar with a +0 spear!
You die...

. . .▒ .▒ ▒.▒ ▒▒o.▒.▒▒▒
▒#gg....▒ ▒Q▒ ▒v▒ ▒.▒ 7
▒.▒ ▒.▒ 7 ▒.▒ ▒.▒ ▒▒ ▒.▒
▒.▒ ▒. ▒▒▒▒▒▒.▒▒▒▒▒▒▒.▒
▒▒.
▒▒...........▒▒.▒▒▒▒▒▒..
▒▒.............▒.▒▒.....▒
▒...................▒▒▒▒▒


You could see 2 gnolls and an orc (combustible, ally target).

Vanquished Creatures
  A worm (D:2)
  A dart slug (D:1)
  An orc (D:3)
  3 ball pythons
  4 bats
  2 endoplasms (D:1)
  2 giant cockroaches
  6 goblins
  3 hobgoblins
  A jackal (D:1)
  3 kobolds
  2 quokkas (D:2)
  2 frilled lizards
  6 rats
37 creatures vanquished.

Vanquished Creatures (others)
  70 foxfires
70 creatures vanquished.

Grand Total: 107 creatures vanquished

Notes
Turn   | Place    | Note
-------+----------+-------------------------------------------
     0 | D:1      | shmup the Tengu Fire Elementalist began the quest for the
                  | Orb.
     0 | D:1      | Reached XP level 1. HP: 10/10 MP: 4/4
   210 | D:1      | Reached XP level 2. HP: 15/15 MP: 3/6
   220 | D:1      | Learned a level 2 spell: Scorch
   281 | D:1      | Reached skill level 4 in Fire Magic
   429 | D:1      | Found a faded altar of an unknown god.
   560 | D:1      | Reached XP level 3. HP: 19/19 MP: 2/7
  1142 | D:2      | Found a basalt altar of Yredelemnul.
  1806 | D:3      | Slain by a gnoll

Illustrated notes

Levels and vault maps discovered:
D:1:      dpeg_arrival_court, layout_loops_ring,
          hellmonk_ecumenical_altar_inner_sanctum, minmay_split_cup_large
D:2:      layout_loops_cross, basic_altar
D:3:      layout_rooms, dilly_guarded_unrand_morg, uniq_robin, uniq_ijyb,
          uniq_crazy_yiuf_cottage

Skill      XL: |  1  2 |
---------------+-------+-----
Conjurations   | 2 |  2.7
Fire Magic     | 4 |  4.5
Dodging        | |  2.1
Stealth        | |  2.0
Spellcasting   | |  2.0

Action                     || total
---------------------------++-------
  Melee: Falchion          ||    15
         Kick              ||     3
         Peck              ||     1
         Dagger            ||     2
   Cast: Foxfire           ||    42
         Scorch            ||     6
   Stab: Sleeping          ||     3
 Armour: Robe              ||     3
  Dodge: Dodged            ||    25
